 Dungeon Crawl Stone Soup version 0.30.0-15-g856e2d3f33 (webtiles) character file.

Game seed: 11628936650874579042

881 Pimp the Shooter (level 7, -2/55 HPs)
             Began as a Demonspawn Hunter on May 18, 2023.
             Killed from afar by a steam dragon (23 damage)
             ... with a ball of steam
             ... on level 6 of the Dungeon.
             The game lasted 00:06:08 (4701 turns).

Pimp the Shooter (Demonspawn Hunter)                Turns: 4701, Time: 00:06:09

Health: -2/55      AC:  5    Str: 11    XL:     7   Next: 75%
Magic:  7/7        EV: 14    Int: 10    God:
Gold:   324        SH:  0    Dex: 19    Spells: 6/6 levels left

rFire   . . .        a - +0 shortbow
rCold   + . .        (shield currently unavailable)
rNeg    . . .        c - +0 leather armour
rPois   .            (helmet restricted)
rElec   .            y - +1 cloak
rCorr   +            (no gloves)
SInv    .            (no boots)
Will    .....        (no amulet)
Stlth   +++          k - ring of resist corrosion
HPRegen 0.29/turn    m - ring of protection from cold
MPRegen 0.10/turn

%: no passive effects
@: no status effects
A: antennae 1, foul stench 3, sturdy frame 1
a: no special abilities


You were on level 6 of the Dungeon.
You visited 1 branch of the dungeon, and saw 6 of its levels.

You collected 324 gold pieces.

Inventory:

Hand Weapons
 a - a +0 shortbow (weapon)
Armour
 c - a +0 leather armour (worn)
 j - a +2 helmet
 y - a +1 cloak (worn)
Jewellery
 d - a ring of ice
 k - a ring of resist corrosion (left hand)
 l - a +5 ring of evasion
 m - a ring of protection from cold (right hand)
 u - an amulet of guardian spirit
 A - an amulet of faith
Wands
 o - a wand of digging (3)
 q - a wand of light (8)
 s - a wand of polymorph (6)
Scrolls
 b - a scroll of immolation
 r - 2 scrolls of teleportation {unknown}
 t - a scroll of amnesia
 v - 3 scrolls of fog {unknown}
 x - a scroll of magic mapping
 z - a scroll of identify
 B - 3 scrolls of noise {unknown}
Potions
 e - 2 potions of curing
 f - a potion of mutation {unknown}
 g - 2 potions of ambrosia
 h - a potion of brilliance
 i - 4 potions of heal wounds
 n - 2 potions of attraction
 p - 2 potions of lignification {unknown}
 w - a potion of haste


   Skills:
 + Level 4.8 Fighting
 + Level 5.4 Ranged Weapons
 + Level 4.3 Dodging
 + Level 4.3 Stealth


You had 6 spell levels left.
You didn't know any spells.
Your spell library contained the following spells:

 Spells                   Type           Power      Damage    Failure   Level
 Freeze                   Ice            0%         1d3       38%         1
 Magic Dart               Conj           0%         1d3       38%         1
 Summon Small Mammal      Summ           0%         N/A       38%         1
 Ensorcelled Hibernation  Hex/Ice        0%         N/A       52%         2
 Lesser Beckoning         Tloc           0%         N/A       52%         2
 Passwall                 Tmut/Erth      0%         N/A       52%         2
 Searing Ray              Conj           0%         2d4       52%         2
 Call Canine Familiar     Summ           0%         N/A       77%         3
 Frozen Ramparts          Ice            0%         1d1       77%         3
 Gell's Gravitas          Tloc           0%         N/A       77%         3
 Hailstorm                Conj/Ice       0%         3d3       77%         3
 Stone Arrow              Conj/Erth      0%         3d7       77%         3
 Summon Guardian Golem    Hex/Summ       0%         N/A       77%         3
 Swiftness                Air            0%         N/A       77%         3
 Teleport Other           Tloc           0%         N/A       77%         3
 Animate Armour           Summ/Erth      0%         N/A       99%         4
 Fulminant Prism          Conj/Hex       0%         3d5       99%         4
 Lehudib's Crystal Spear  Conj/Erth      0%         10d2      100%        8


Dungeon Overview and Level Annotations

Branches:
Dungeon (6/15)
 Temple: D:4-7

Altars:
Qazlal
Wu Jian

Shops:
D:3 *


Innate Abilities, Weirdness & Mutations

You have a pair of small antennae on your head.
You frequently emit foul miasma when damaged in melee.
Your movements are slightly less encumbered by armour. (ER -2)


Message History

The steam dragon is heavily wounded.
You are engulfed in a cloud of scalding steam.
The steam dragon misses you.
The steam dragon claws you but does no damage.
You shoot an arrow. The arrow hits the steam dragon.
The steam dragon is severely wounded.
The steam dragon closely misses you. x2
You shoot an arrow.
The arrow hits the steam dragon but does no damage.
The steam dragon is severely wounded.
You are engulfed in a cloud of scalding steam.
The steam dragon misses you. The steam dragon claws you.
You are too injured to fight recklessly!
You are too injured to fight recklessly!
You are too injured to fight recklessly!
You are too injured to fight recklessly!
Unknown command.
You are too injured to fight recklessly!
You shoot an arrow.
The arrow hits the steam dragon but does no damage.
The steam dragon is severely wounded.
The steam dragon barely misses you. The steam dragon claws you.
The steam dragon misses you.
The steam dragon claws you but does no damage.
You shoot an arrow.
The arrow hits the steam dragon but does no damage.
The steam dragon is severely wounded.
The steam dragon misses you. The steam dragon closely misses you.
You shoot an arrow.
The arrow barely misses the steam dragon.
The steam dragon bites you.
You emit a cloud of foul miasma!
The steam dragon closely misses you.
You shoot an arrow.
The arrow hits the steam dragon but does no damage.
The steam dragon is severely wounded.
The steam dragon is engulfed in dark miasma.
The steam dragon is poisoned.
The steam dragon seems to slow down.
The steam dragon breathes steam at you. The ball of steam hits you!!
You die...

### #########.#
..........#
#########.# ...
#.# ### ...
#.######.#
#########.##.....#
..........##.###@#
############.# #D#
...........#.# #.#
##########.#.# #>#
.......###.#.# #.#
##...........###.#
#...#.....#...#.#
#...###########.#
#...# {


You could see a steam dragon (poisoned, slow, catching breath).

Vanquished Creatures
  An ogre (D:5)
  2 phantoms
  2 scorpions
  2 jellies (D:4)
  2 orc priests (D:5)
  A hound (D:5)
  Crazy Yiuf (D:3)
  2 iguanas
  An orc wizard (D:5)
  Natasha (thrice) (D:3)
  Robin (D:3)
  7 gnolls
  4 adders
  4 worms
  A dart slug (D:5)
  11 orcs
  5 ball pythons
  3 bats
  5 endoplasms
  17 goblins
  5 hobgoblins
  A jackal (D:5)
  5 kobolds
  2 quokkas
  2 frilled lizards
  4 rats
94 creatures vanquished.

Notes
Turn   | Place    | Note
-------+----------+-------------------------------------------
     0 | D:1      | Pimp the Demonspawn Hunter began the quest for the Orb.
     0 | D:1      | Reached XP level 1. HP: 16/16 MP: 1/1
   129 | D:1      | Reached skill level 1 in Stealth
   192 | D:1      | Gained mutation: Your movements are slightly less
                  | encumbered by armour. (ER -2) [demonic ancestry]
   192 | D:1      | Reached XP level 2. HP: 22/22 MP: 2/2
   333 | D:1      | Found a faded altar of an unknown god.
  1001 | D:2      | Gained mutation: You may rarely emit foul miasma when
                  | damaged in melee. [demonic ancestry]
  1001 | D:2      | Reached XP level 3. HP: 23/28 MP: 3/3
  1179 | D:2      | Reached skill level 4 in Ranged Weapons
  1182 | D:2      | Gained mutation: You have a pair of small antennae on your
                  | head. [demonic ancestry]
  1182 | D:2      | Reached XP level 4. HP: 23/34 MP: 4/4
  1684 | D:3      | Found Hegi's Assorted Antiques.
  1752 | D:3      | Noticed Robin
  1762 | D:3      | Killed Robin
  1930 | D:3      | Noticed Natasha
  1935 | D:3      | Killed Natasha
  1936 | D:3      | Gained mutation: You sometimes emit foul miasma when
                  | damaged in melee. [demonic ancestry]
  1936 | D:3      | Reached XP level 5. HP: 41/41 MP: 5/5
  2015 | D:3      | Noticed Natasha
  2017 | D:3      | Killed Natasha
  2154 | D:3      | Noticed Natasha
  2160 | D:3      | Killed Natasha
  2463 | D:3      | Found a runed translucent door.
  2464 | D:3      | Noticed Crazy Yiuf
  2528 | D:3      | Killed Crazy Yiuf
  2669 | D:4      | Gained mutation: You frequently emit foul miasma when
                  | damaged in melee. [demonic ancestry]
  2669 | D:4      | Reached XP level 6. HP: 42/47 MP: 6/6
  2907 | D:4      | Found a stormy altar of Qazlal.
  3503 | D:4      | Found an ornate altar of the Wu Jian Council.
  3627 | D:5      | Entered Level 5 of the Dungeon
  3974 | D:5      | Reached skill level 5 in Ranged Weapons
  3974 | D:5      | Reached XP level 7. HP: 54/54 MP: 7/7
  4686 | D:6      | Noticed a steam dragon
  4701 | D:6      | Killed from afar by a steam dragon

Illustrated notes

Levels and vault maps discovered:
D:1:      dpeg_arrival_round_c, layout_loops_ring,
          shapermc_ecumenical_altar_mp_highgroup, minmay_tetromino_l2
D:2:      layout_loops_ring
D:3:      layout_basic, serial_shops, shop, uniq_crazy_yiuf_cottage,
          uniq_natasha, uniq_robin
D:4:      layout_basic, nzn_wu_jian_council_hall,
          nicolae_overflow_crystal_walls, serial_forest,
          infiniplex_forest_straight_5, infiniplex_forest_lined_1,
          infiniplex_forest_end_double, infiniplex_forest_zigzag_1,
          infiniplex_forest_lined_room_3
D:5:      layout_basic, st_stairs_7, minmay_crystal_water,
          kennysheep_generic_room_15
D:6:      layout_basic, lemuel_mausoleum_altar_kikubaaqudgha, uniq_blork_the_orc

Skill      XL: |  1  2  3  4  5  6  7 |
---------------+----------------------+-----
Stealth        | 1 2 3 4 |  4.3
Dodging        | 2 3 4 |  4.3
Ranged Weapons | 4 5 |  5.4
Fighting       | 3 4 |  4.8

Action                     |  1- 3 |  4- 6 |  7- 9 || total
---------------------------+-------+-------+-------++-------
   Fire: Shortbow          |    84 |   201 |    45 ||   330
    Use: Scroll            |     4 |     7 |       ||    11
 Armour: Leather armour    |    14 |    26 |     8 ||    48
  Dodge: Dodged            |    29 |    61 |    18 ||   108
